 Dungeon Crawl Stone Soup version 0.27.1-34-g3ba077fa99 (webtiles) character file.

Game seed: 15442252423337218871

305 Atelerd the Sneak (level 6, -8/36 HPs)
             Began as an Octopode Earth Elementalist on Jan 3, 2022.
             Mangled by an ice beast (14 damage)
             ... on level 6 of the Dungeon.
             The game lasted 00:05:59 (3912 turns).

Atelerd the Sneak (Octopode Earth Elementalist)     Turns: 3912, Time: 00:05:59

Health: -8/36      AC:  1    Str:  7    XL:     6   Next: 39%
Magic:  4/11       EV: 13    Int: 19    God:
Gold:   111        SH:  0    Dex: 13    Spells: 11/12 levels left

rFire    . . .     SeeInvis .   a - +0 short sword
rCold    . . .     Faith    .   (no shield)
rNeg     + . .     Spirit   .   (helmet restricted)
rPois    .         Reflect  .   (no amulet)
rElec    .         Harm     .   g - ring of positive energy
rCorr    .         Rampage  .   (no ring)
Will     .....                  (no ring)
Stlth    ++++......             (no ring)
HPRegen  0.12/turn              (no ring)
MPRegen  0.12/turn              (no ring)
                                (no ring)
                                (no ring)

@: no status effects
A: almost no armour, amphibious, 8 rings, camouflage 1, gelatinous body 1,
(nimble swimmer 1), tentacles
a: no special abilities


You were on level 6 of the Dungeon.
You visited 1 branch of the dungeon, and saw 5 of its levels.

You collected 111 gold pieces.

Inventory:

Hand Weapons
 a - a +0 short sword (weapon)
Missiles
 b - 90 stones
Jewellery
 g - a ring of positive energy (left tentacle)
Scrolls
 c - a scroll of teleportation {unknown}
 f - 3 scrolls of identify {unknown}
 h - a scroll of vulnerability {unknown}
 j - a scroll of holy word {unknown}
Potions
 d - 2 potions of curing {unknown}
 e - 2 potions of cancellation {unknown}
 i - a potion of haste
 k - 2 potions of flight {unknown}


   Skills:
 - Level 2.0 Dodging
 - Level 5.0 Stealth
 + Level 3.8 Spellcasting
 - Level 2.0 Transmutations
 + Level 4.7 Earth Magic


You had 11 spell levels left.
You knew the following spells:

 Your Spells              Type           Power      Damage    Failure   Level
a - Sandblast             Erth           42%        2d11      1%          1

Your spell library contained the following spells:

 Spells                   Type           Power      Damage    Failure   Level
 Passwall                 Tmut/Erth      13%        N/A       5%          2
 Stone Arrow              Conj/Erth      24%        3d8       16%         3
 Petrify                  Tmut/Erth      16%        N/A       34%         4
 Frozen Ramparts          Ice            6%         1d2       38%         3
 Ice Form                 Ice/Tmut       7%         N/A       67%         4
 Summon Ice Beast         Ice/Summ       3%         N/A       80%         4


Dungeon Overview and Level Annotations

Branches:
Dungeon (6/15)
 Temple: D:4-7

Altars:
Cheibriados
Okawaru

Annotations:
D:6 exclusion: upstairs


Innate Abilities, Weirdness & Mutations

You cannot wear most types of armour.
You are amphibious.
You can wear up to eight rings at the same time.
Your skin changes colour to match your surroundings (Stealth+).
Your rubbery body absorbs attacks. (AC +1, EV +1)
((You are camouflaged near water. (Stealth+)))
You have tentacles for arms and can constrict up to eight enemies at once.


Message History

Unknown command.
Casting: Sandblast (safe; 1% risk of failure)
Confirm with . or Enter, or press ? or * to list all spells.
Aiming: Sandblast (safe; 1% risk of failure)
Press: ? - help, Shift-Dir - straight line, f/p - ice beast
Aim: an ice beast (severely wounded, 81% to hit)
The blast of sand hits the ice beast.
The ice beast is almost dead.
The ice beast hits you. The ice beast freezes you!
* * * LOW HITPOINT WARNING * * *
Casting: Sandblast (safe; 1% risk of failure)
Confirm with . or Enter, or press ? or * to list all spells.
Aiming: Sandblast (safe; 1% risk of failure)
Press: ? - help, Shift-Dir - straight line, f/p - ice beast
Aim: an ice beast (almost dead, 81% to hit)
The blast of sand hits the ice beast but does no damage.
The ice beast is almost dead.
The ice beast barely misses you.
Unknown command.
Unknown command.
Casting: Sandblast (safe; 1% risk of failure)
Confirm with . or Enter, or press ? or * to list all spells.
Aiming: Sandblast (safe; 1% risk of failure)
Press: ? - help, Shift-Dir - straight line, f/p - ice beast
Aim: an ice beast (almost dead, 81% to hit)
The blast of sand misses the ice beast.
The ice beast hits you but does no damage.
Unknown command.
Unknown command.
Casting: Sandblast (safe; 1% risk of failure)
Confirm with . or Enter, or press ? or * to list all spells.
Aiming: Sandblast (safe; 1% risk of failure)
Press: ? - help, Shift-Dir - straight line, f/p - ice beast
Aim: an ice beast (almost dead, 81% to hit)
The blast of sand hits the ice beast but does no damage.
The ice beast is almost dead.
The ice beast hits you.
* * * LOW HITPOINT WARNING * * *
The ice beast freezes you!
You die...

#.# #.# #.#######.#
..........######
.####.........#######
#.#######........ #.#
#.######. #.####Y#
#.# #.....@#
#<######. ######.#
#.?...... #.#
#.####### #.#######.#
#.........#
.........#######
##########


You could see an ice beast.

Vanquished Creatures
  A water moccasin (D:6)
  A phantom (D:3)
  A scorpion zombie (D:2)
  A gnoll (D:6)
  An adder (D:2)
  2 adder skeletons (D:2)
  A worm (D:3)
  A dart slug (D:1)
  5 orcs (D:3)
  3 ball pythons (D:1)
  3 bats
  A bat zombie (D:2)
  10 endoplasms
  3 giant cockroaches
  6 goblins
  3 hobgoblins (D:1)
  5 jackals
  3 quokkas
  A ball python zombie (D:2)
  4 frilled lizards (D:1)
  3 kobolds (D:1)
  3 quokka skeletons (D:2)
  2 rats
64 creatures vanquished.

Notes
Turn   | Place    | Note
-------+----------+-------------------------------------------
     0 | D:1      | Atelerd the Octopode Earth Elementalist began the quest for
                  | the Orb.
     0 | D:1      | Reached XP level 1. HP: 11/11 MP: 3/3
    65 | D:1      | Reached skill level 3 in Stealth
    98 | D:1      | Reached XP level 2. HP: 7/17 MP: 0/5
   608 | D:1      | Reached XP level 3. HP: 21/21 MP: 6/6
  1091 | D:1      | Reached skill level 4 in Stealth
  1834 | D:2      | Reached XP level 4. HP: 20/27 MP: 5/7
  2637 | D:3      | Reached skill level 5 in Stealth
  2885 | D:3      | Reached XP level 5. HP: 31/31 MP: 9/9
  2908 | D:3      | Noticed a phantom
  2920 | D:3      | Killed a phantom
  3096 | D:3      | Found an iron altar of Okawaru.
  3101 | D:3      | You fall into a shaft and drop 3 floors!
  3120 | D:5      | Entered Level 5 of the Dungeon
  3266 | D:6      | Found a snail-covered altar of Cheibriados.
  3280 | D:6      | Noticed a water moccasin
  3283 | D:6      | Noticed an ice beast
  3287 | D:6      | Killed a water moccasin
  3288 | D:6      | Reached XP level 6. HP: 12/36 MP: 5/11
  3444 | D:6      | Noticed a hornet
  3912 | D:6      | Mangled by an ice beast

Illustrated notes

Levels and vault maps discovered:
D:1:      lightli_arrival_maybe_door_vault, layout_loops_corners,
          minmay_circled_x
D:2:      layout_basic, serial_undead, serial_undead_a, serial_undead_e,
          serial_undead_a, serial_undead_a
D:3:      layout_loops_ring, okawaru_gym_becter, nicolae_overflow_hidden_temple,
          serial_shops, shop, uniq_grinder
D:5:      layout_basic, uniq_ijyb, uniq_sigmund
D:6:      layout_loops_ring, lemuel_doored_altar, serial_shops, shop

Skill      XL: |  1  2  3  4  5 |
---------------+----------------+-----
Stealth        | 3 4 5 |  5.0
Transmutations | 2 |  2.0
Spellcasting   | 3 |  3.8
Earth Magic    | 4 |  4.7
Dodging        | |  2.0

Action                   |  1- 3 |  4- 6 || total
-------------------------+-------+-------++-------
Melee: Unarmed           |     6 |       ||     6
       Constrict         |    12 |     7 ||    19
       Short sword       |    56 |    31 ||    87
       Tentacles         |     6 |     6 ||    12
 Cast: Sandblast         |    23 |    49 ||    72
 Stab: Sleeping          |    11 |     4 ||    15
Armor: Skin              |    10 |     3 ||    13
Dodge: Dodged            |    52 |    35 ||    87
